 Dungeon Crawl Stone Soup version 0.26.0-10-g1f06aea511 (webtiles) character file.

Game seed: 2308656978429081900

12112 Borgoz the Nimble (level 11, -4/94 HPs)
             Began as a Ghoul Gladiator on Jan 13, 2021.
             Was a Believer of Ashenzari.
             Slain by a cyclops (24 damage)
             ... on level 11 of the Dungeon.
             The game lasted 00:27:06 (15866 turns).

Borgoz the Nimble (Ghoul Gladiator)                Turns: 15866, Time: 00:27:06

Health: -4/94      AC: 19    Str: 20    XL:     11   Next: 88%
Magic:  10/10      EV: 17    Int:  3    God:    Ashenzari [**....]
Gold:   344        SH:  4    Dex: 18    Spells: 10/10 levels left

rFire    . . .     SeeInvis +   b - +4 scimitar (flame)
rCold    + . .     Faith    .   r - +0 buckler
rNeg     + + +     Spirit   .   y - +3 ring mail of Shadows and Fog {rElec SInv}
rPois    ∞         Reflect  .   c - +1 helmet
rElec    +         Harm     .   (no cloak)
rCorr    .         Rampage  .   v - +0 pair of gloves
Will     .....                  z - +0 pair of boots
Stlth    +.........             (no amulet)
HPRegen  0.00/turn              s - +4 ring of protection
MPRegen  0.12/turn              q - +6 ring of dexterity

@: no status effects
A: claws 1, cold resistance 1, negative energy resistance 3, inhibited
regeneration, torment resistance, unbreathing
a: Renounce Religion, Curse Item, Scrying


You were on level 11 of the Dungeon.
You worshipped Ashenzari.
Ashenzari was pleased with you.
You visited 2 branches of the dungeon, and saw 12 of its levels.
You also visited: Sewer and Bailey.

You collected 939 gold pieces.
You spent 595 gold pieces at shops.

Inventory:

Hand Weapons
 a - a +5 scimitar
 b - a +4 scimitar of flaming (weapon)
Armour
 c - a +1 helmet (worn)
 r - a +0 buckler (worn)
 v - a +0 pair of gloves (worn)
 y - the +3 ring mail of Shadows and Fog (worn) {rElec SInv}
   (You bought it in a shop on level 7 of the Dungeon)

   It insulates you from electricity.
   It lets you see invisible.
 z - a +0 pair of boots (worn)
Jewellery
 f - an uncursed ring of flight
 n - an uncursed ring of protection from cold
 q - a +6 ring of dexterity (right hand)
 s - a +4 ring of protection (left hand)
 x - the ring "Luoniyrph" {rPois rC+ Int+6}
   (You found it on level 5 of the Dungeon)

   [ring of intelligence]

   It affects your intelligence (+6).
   It protects you from cold.
   It protects you from poison.
Wands
 t - a wand of flame (8)
 u - a wand of acid (8)
Scrolls
 d - a scroll of random uselessness {unknown}
 e - 3 scrolls of enchant armour
 j - a scroll of summoning
 l - 5 scrolls of remove curse
 m - 3 scrolls of blinking
 o - a scroll of fog
 C - 2 scrolls of magic mapping
 D - a scroll of identify
Potions
 g - 2 potions of magic {unknown}
 h - 3 potions of brilliance
 i - 2 potions of resistance
 k - 3 potions of curing
 p - a potion of cancellation
 w - a potion of ambrosia
 A - a potion of lignification {unknown}
 B - 2 potions of might


   Skills:
 + Level 8.2 Fighting
 * Level 9.6 Long Blades
 - Level 1.7 Throwing
 * Level 9.1 Armour
 * Level 9.6 Dodging


You had 10 spell levels left.
You didn't know any spells.
Your spell library contained the following spells:

 Spells                   Type           Power        Failure   Level
 Shock                    Conj/Air       0%           83%         1
 Swiftness                Air            0%           93%         2
 Static Discharge         Conj/Air       0%           99%         3
 Airstrike                Air            0%           100%        4
 Lightning Bolt           Conj/Air       0%           100%        5
 Beastly Appendage        Tmut           Unusable     N/A         1
 Wereblood                Tmut           Unusable     N/A         2
 Spider Form              Tmut/Pois      Unusable     N/A         3
 Ice Form                 Ice/Tmut       Unusable     N/A         4
 Blade Hands              Tmut           Unusable     N/A         5

Dungeon Overview and Level Annotations

Branches:
Dungeon (11/15)            Temple (1/1) D:4            Lair (0/6) D:9
  Sewer (visited)          Bailey (visited)
    Orc: D:9-12

Altars:
Ashenzari
Cheibriados
Dithmenos
Elyvilon
Fedhas
Gozag
Hepliaklqana
Kikubaaqudgha
Makhleb
Nemelex Xobeh
Okawaru
Qazlal
Ru
Sif Muna
Trog
Uskayaw
Vehumet
Wu Jian
Xom
Yredelemnul
Zin
The Shining One

Shops:
D:7 *[

Annotations:
D:7 2 transporters, exclusion: oklob plant, emiel's ghost, novice DsWn


Innate Abilities, Weirdness & Mutations

You thrive by killing the living.
You are immune to poison.
You have sharp fingernails.
Your flesh is cold resistant. (rC+)
You are immune to negative energy. (rN+++)
You do not regenerate when monsters are visible.
You are immune to unholy pain and torment.
You can survive without breathing.


Message History

You slash the yak! You burn the yak.
You kill the yak!
The cyclops throws a large rock.
The large rock closely misses you.
You slice the wight!! You burn the wight.
You destroy the wight!
You swing at nothing.
You slash the hound skeleton! You burn the hound skeleton.
The hound skeleton is almost destroyed.
You block the hound skeleton's attack.
You slash the hound skeleton! You burn the hound skeleton.
You destroy the hound skeleton!
You slice the wight!! You burn the wight.
You destroy the wight!
You swing at nothing.
The cyclops throws a large rock.
The large rock hits you!
You swing at nothing.
The cyclops throws a large rock.
The large rock hits you!!
* * * LOW HITPOINT WARNING * * *
Items here: $ )) [[ †††††.
You hit the cyclops but do no damage. The cyclops hits you!!
You die...

#.....# #...###....#########
#.....#########....###..........
###.#.##.......###..............
#...##.......##.###.....####..
##..##........................
#.z........................#.
#.#.#.......##...............
##.Y{#.......##..............#
##...Y#######C@(...............
#(..Z.#* * *####..............#
##...zz##... #...............
#.....Cz.C..., *#.............#.
#............. ,
*............##. #.....<......^
,*..#.........#.) #.............
....##........# #.............,
, ...,........... #...........z.
, , *#......#.#


You could see a cyclops.

Vanquished Creatures
  Harold (D:8)
  Erica (D:8)
  Sonja (D:10)
  Pikel (D:6)
  A cyclops (D:11)
  An ugly thing (D:11)
  A troll (D:9)
  A hornet (D:11)
  19 yaks
  A wyvern (D:10)
  Menkaure (D:7)
  A soldier ant (D:10)
  A water moccasin (D:7)
  2 black bears
  7 orc warriors
  A phantom (D:6)
  2 ice beasts (D:10)
  6 ogres
  5 centaurs
  A big kobold (D:7)
  4 bullfrogs
  2 water moccasin zombies
  3 scorpions
  10 killer bees
  16 wights
  2 howler monkeys
  7 electric eels
  A bullfrog zombie (D:8)
  A centaur zombie (D:10)
  2 jellies
  2 quasits
  2 hounds (D:6)
  7 orc priests
  7 orc wizards
  A bullfrog skeleton (D:11)
  6 iguanas
  5 worker ants
  A hound zombie (D:7)
  A hound skeleton (D:11)
  A worker ant zombie (D:8)
  6 adders
  8 gnolls
  A river rat (D:6)
  4 white imps
  8 oozes
  4 worms
  A dart slug (D:3)
  14 leopard geckos
  34 orcs
  10 bats
  17 giant cockroaches
  9 hobgoblins
  6 jackals (D:2)
  4 quokkas
  12 ball pythons
  24 frilled lizards
  11 goblins
  A jackal skeleton (D:4)
  6 kobolds
  A leopard gecko skeleton (D:8)
  A leopard gecko zombie (D:6)
  A quokka skeleton (D:9)
  6 rats
325 creatures vanquished.

Vanquished Creatures (others)
  An orc (D:6)
  11 plants
  6 withered plants (D:7)
18 creatures vanquished.

Grand Total: 343 creatures vanquished

Notes
Turn   | Place    | Note
-------+----------+-------------------------------------------
     0 | D:1      | Borgoz the Ghoul Gladiator began the quest for the Orb.
     0 | D:1      | Reached XP level 1. HP: 17/17 MP: 0/0
     1 | D:1      | Found an iron altar of Okawaru.
   342 | D:1      | Reached XP level 2. HP: 24/24 MP: 1/1
  1001 | D:2      | Found a white marble altar of Elyvilon.
  1009 | D:2      | Reached XP level 3. HP: 30/30 MP: 2/2
  1027 | D:2      | Reached skill level 1 in Armour
  1598 | D:2      | Reached XP level 4. HP: 33/37 MP: 3/3
  2539 | D:3      | Reached XP level 5. HP: 44/44 MP: 4/4
  3178 | D:3      | You fall into a shaft and drop 2 floors!
  3178 | D:5      | Entered Level 5 of the Dungeon
  3657 | D:4      | Found a staircase to the Ecumenical Temple.
  3695 | Temple   | Entered the Ecumenical Temple
  3735 | Temple   | Became a worshipper of Ashenzari the Shackled
  4021 | D:4      | Reached XP level 6. HP: 26/51 MP: 5/5
  4249 | D:4      | Found a shadowy altar of Dithmenos.
  4280 | D:4      | Found a sparkling altar of Nemelex Xobeh.
  4280 | D:4      | Found a hide-covered altar of Uskayaw.
  4280 | D:4      | Found a radiant altar of Vehumet.
  4280 | D:4      | Found a snail-covered altar of Cheibriados.
  4604 | D:4      | Found an ornate altar of the Wu Jian Council.
  5542 | D:5      | Identified the ring "Luoniyrph" {rPois rC+ Int+6}
  5874 | D:5      | Found a sacrificial altar of Ru.
  5937 | D:6      | Found a shadowy altar of Dithmenos.
  6035 | D:6      | Reached XP level 7. HP: 45/58 MP: 6/6
  6192 | D:6      | Found a glowing silver altar of Zin.
  6210 | D:6      | Reached * piety under Ashenzari
  6309 | D:6      | Found a glowing drain.
  6461 | Sewer    | Entered a sewer
  7370 | D:6      | Reached skill level 5 in Dodging
  7687 | D:6      | Reached skill level 5 in Long Blades
  7687 | D:6      | Reached XP level 8. HP: 32/66 MP: 7/7
  8450 | D:7      | Noticed Pikel
  8471 | D:6      | Killed Pikel
  8722 | D:7      | Reached skill level 5 in Fighting
  8734 | D:7      | Reached skill level 5 in Armour
  8741 | D:7      | Noticed a cyan ugly thing
  9089 | D:8      | Reached XP level 9. HP: 70/74 MP: 8/8
  9106 | D:7      | Noticed an oklob plant
  9168 | D:7      | Found Fucoam's Fabulous Fripperies.
  9192 | D:7      | HP: 3/74 [wight/+1 falchion (5)]
  9202 | D:7      | Noticed emiel's ghost (novice DsWn)
  9539 | D:8      | Found a shimmering altar of Xom.
  9683 | D:7      | Noticed Menkaure
  9692 | D:7      | Killed Menkaure
  9693 | D:7      | Found Deusipt's Armour Boutique.
  9789 | D:7      | Found a transporter.
  9792 | D:7      | Found a transporter.
  9870 | D:7      | Found an ancient bone altar of Kikubaaqudgha.
  9877 | D:7      | Found a blossoming altar of Fedhas.
  9982 | D:7      | Found a stormy altar of Qazlal.
 10619 | D:8      | Noticed Erica
 10622 | D:8      | Noticed Harold
 10722 | D:9      | Found a staircase to the Lair.
 10736 | D:9      | Found a flagged portal.
 10794 | Bailey   | Entered a bailey
 11520 | D:9      | Reached XP level 10. HP: 27/83 MP: 9/9
 11911 | D:8      | Killed Harold
 11918 | D:8      | Killed Erica
 12175 | D:8      | Found an iron altar of Okawaru.
 13369 | D:7      | Bought the +3 ring mail of Shadows and Fog {rElec SInv} for
                  | 595 gold pieces
 13697 | D:10     | Entered Level 10 of the Dungeon
 14005 | D:10     | Noticed Sonja
 14014 | D:10     | Killed Sonja
 14015 | D:10     | Reached XP level 11. HP: 92/92 MP: 10/10
 14923 | D:10     | Reached ** piety under Ashenzari
 15300 | D:11     | Noticed a cyan ugly thing
 15522 | D:11     | Noticed an unseen horror
 15622 | D:11     | Killed a cyan ugly thing
 15739 | D:11     | Noticed a cyclops
 15747 | D:11     | Killed a cyclops
 15799 | D:11     | Noticed a cyclops
 15866 | D:11     | Slain by a cyclops

Illustrated notes

Levels and vault maps discovered:
D:1:      sevenhm_arrival_forest_fort_small_6, layout_rooms, chequers_big_river
D:2:      minmay_angry_zag, layout_loops_ring, nicolae_overflow_crystal_walls
D:3:      layout_loops_ring, grunt_ministairs_6, supply_closet_lemuel,
          wander_ebering_terrifying_dragon_lair
D:4:      layout_basic, lemuel_crystal_altar,
          chequers_temple_overflow_statue_of_worship, minmay_temple_entry_grid,
          grunt_dithmenos_smoke
D:5:      layout_loops_ring, nicolae_ru_path_of_blood
D:6:      layout_gridville, general_overflow_altar, basic_altar,
          gup_sewer_entry_bubbles
D:7:      layout_gridville, grunt_temple_overflow_growth_and_decay,
          lemuel_coloured_pillars_altar, serial_shops, shop, nzn_ghost_randoct,
          nicolae_alphabet_shops, nrook_mini_backslash, uniq_pikel,
          uniq_menkaure
D:8:      layout_gridville, lemuel_crystal_altar, kennysheep_mini_moat,
          uniq_erica, uniq_harold
D:9:      layout_irregular_city, lair_entry_dummy, enter_bailey_2
D:10:     cheibrodos_two_vegetables, layout_gridville, grunt_decor_junction,
          st_stairs_11, uniq_sonja
D:11:     layout_rooms, lightli_minifort
Temple:   jpeg_temple_island

Skill      XL: |  1  2  3  4  5  6  7  8  9 10 11 |
---------------+----------------------------------+-----
Dodging        | 3 4 5 6 7 8 9 |  9.6
Long Blades    | 3 4 5 6 7 8 9 |  9.6
Armour         | 1 2 3 5 6 7 9 |  9.1
Fighting       | 3 4 5 6 7 8 |  8.2
Throwing       | |  1.7

Action                   |  1- 3 |  4- 6 |  7- 9 | 10-12 || total
-------------------------+-------+-------+-------+-------++-------
Melee: Long sword        |   130 |   262 |   588 |       ||   980
       Scimitar          |       |       |       |   369 ||   369
Throw: Throwing net      |     2 |       |     1 |     1 ||     4
  Use: Scroll            |       |    10 |     6 |     7 ||    23
       Potion            |       |       |    10 |     3 ||    13
 Stab: Sleeping          |       |       |       |     1 ||     1
Armor: Leather armour    |    42 |    76 |   301 |    41 ||   460
       Ring mail         |       |       |       |   105 ||   105
Dodge: Dodged            |    99 |   174 |   695 |   327 ||  1295
Block: Buckler           |       |    22 |   129 |    89 ||   240
       Rpst.: Long sword |    35 |    52 |   161 |       ||   248
       Scimitar          |       |       |       |    96 ||    96
